 Dungeon Crawl Stone Soup version 0.28-a0-1199-gef9e1dbd39 (webtiles) character file.

Game seed: 9994563451334408402

44748 Lavandula the Brawler (level 14, 0/106 (115) HPs)
             Began as a Formicid Transmuter on Dec 19, 2021.
             Was a Priest of Ru.
             Slain by a harpy simulacrum (8 damage)
             ... on level 13 of the Dungeon.
             The game lasted 00:37:37 (16753 turns).

Lavandula the Brawler (Formicid Transmuter)        Turns: 16753, Time: 00:37:38

HP:   0/106 (115)   AC:  8    Str: 24    XL:     14   Next: 67%
MP:   19/19         EV: 11    Int: 15    God:    Ru [***...]
Gold: 60            SH:  0    Dex: 11    Spells: 5/23 levels left

rFire   + . .      SeeInvis .     - Unarmed
rCold   + . .      Faith    .   (shield currently unavailable)
rNeg    . . .      Spirit   .   (armour currently unavailable)
rPois   +          Reflect  .   (helmet unavailable)
rElec   .          Harm     .   (cloak currently unavailable)
rCorr   .          Rampage  .   (gloves currently unavailable)
Will    .....                   (boots currently unavailable)
Stlth   +.........              E - amulet of Caucet {Acrobat rPois Str+6}
HPRegen 0.27/turn               y - ring of fire
MPRegen 0.16/turn               G - ring of fire

@: exhausted, ice-form, drained
A: freezing attack, amphibious, boosted hp, permanent stasis, dig shafts and
tunnels, large, (antennae 3), low mp 1, weak-willed 2, four strong arms,
screaming 1, noise suppression
a: End Transformation, Renounce Religion, Draw Out Power


You were on level 13 of the Dungeon.
You worshipped Ru.
Ru was most pleased with you.
You were a creature of crystalline ice.
You visited 2 branches of the dungeon, and saw 15 of its levels.
You also visited: Bailey.

You collected 718 gold pieces.
You spent 658 gold pieces at shops.

Inventory:

Hand Weapons
 p - a +3 quarterstaff of chaos (melded)
Missiles
 g - 123 poisoned darts
 j - 3 throwing nets
Armour
 q - a +1 cloak of preservation (melded)
 x - +0 steam dragon scales (melded)
 C - a +3 leather armour of cold resistance
 F - a scarf of shadows
 J - a +0 troll leather armour
 K - +0 acid dragon scales
Jewellery
 m - a ring of flight
 v - a ring of ice
 y - a ring of fire (left front paw)
 E - the amulet of Caucet (around neck) {Acrobat rPois Str+6}
   (You acquired it on level 11 of the Dungeon)

   [amulet of the acrobat]

   It increases your evasion while moving and waiting.
   Str:       It affects your strength (+6).
   rPois:     It protects you from poison.
 G - a ring of fire (right front paw)
Wands
 d - a wand of flame (59)
 e - a wand of digging (9)
 f - a wand of paralysis (4)
 u - a wand of polymorph (11)
 O - a wand of acid (4)
Scrolls
 a - a scroll of fog {unknown}
 b - a scroll of immolation {unknown}
 h - a scroll of vulnerability {unknown}
 k - a scroll of brand weapon {unknown}
 o - 4 scrolls of fear
 r - 3 scrolls of enchant weapon
 H - 2 scrolls of amnesia
 I - a scroll of magic mapping {unknown}
Potions
 c - 2 potions of might
 i - a potion of brilliance
 l - 2 potions of heal wounds
 n - a potion of flight {unknown}
 s - 6 potions of curing
 w - 4 potions of cancellation
 z - 2 potions of lignification
 A - 3 potions of invisibility {unknown}
 B - a potion of berserk rage
 D - a potion of degeneration {unknown}
 L - 3 potions of resistance
 M - 3 potions of haste {unknown}
Miscellaneous
 t - a box of beasts (inert)
 N - a lightning rod (4/4)


   Skills:
 - Level 4.7 Fighting
 - Level 5.3 Dodging
 + Level 16.5 Unarmed Combat
 - Level 5.0 Spellcasting
 - Level 6.1 Conjurations
 - Level 12.7 Transmutations
 - Level 5.0 Ice Magic
 - Level 4.0 Poison Magic
 - Level 4.0 Evocations


You had 5 spell levels left.
You knew the following spells:

 Your Spells              Type           Power      Damage    Failure   Level
a - Beastly Appendage     Tmut           82%        N/A       1%          1
b - Wereblood             Tmut           41%        N/A       1%          2
c - Spider Form           Tmut/Pois      28%        N/A       1%          3
d - Ice Form              Ice/Tmut       30%        N/A       4%          4
e - Irradiate             Conj/Tmut      16%        3d19      10%         5
f - Frozen Ramparts       Ice            36%        1d5       6%          3

Your spell library contained the following spells:

 Spells                   Type           Power      Damage    Failure   Level
 Freeze                   Ice            72%        1d9       1%          1
 Petrify                  Tmut/Erth      22%        N/A       12%         4
 Hailstorm                Conj/Ice       20%        3d6       17%         4
 Sublimation of Blood     Necr           3%         N/A       24%         2
 Call Canine Familiar     Summ           3%         N/A       43%         3
 Lesser Beckoning         Tloc           3%         N/A       43%         3
 Portal Projectile        Hex/Tloc       6%         N/A       43%         3
 Leda's Liquefaction      Hex/Erth       1%         N/A       85%         4
 Manifold Assault         Tloc           3%         N/A       99%         5
 Blink                    Tloc           Unusable   N/A       N/A         2

Dungeon Overview and Level Annotations

Branches:
Dungeon (15/15)            Temple (1/1) D:6            Lair (0/6) D:10
 Bailey (visited)
    Orc: D:9-12      Vaults: D:13-14     Depths: D:15

Altars:
Ashenzari
Cheibriados
Dithmenos
Elyvilon
Fedhas
Gozag
Hepliaklqana
Kikubaaqudgha
Makhleb
Nemelex Xobeh
Okawaru
Qazlal
Ru
Sif Muna
Trog
Uskayaw
Vehumet
Wu Jian
Xom
Yredelemnul
Zin
The Shining One

Shops:
D:10 :   D:13 !

Annotations:
D:14 Azrael


Innate Abilities, Weirdness & Mutations

You are a creature of crystalline ice.
You have a powerful freezing melee attack.
You are amphibious.
Your maximum health is increased.
Your armour is entirely melded.
You are incapable of wielding weapons or throwing items.
You cannot be hasted, slowed, berserked, paralysed or teleported.
You can dig through walls and to a lower floor.
((You have a pair of large antennae on your head. (SInv)))
Your magical capacity is low. (-10% MP)
You are weak-willed. (Will--)
Your four strong arms can wield two-handed weapons with a shield.
You occasionally shout uncontrollably at your foes.
You passively dampen the noise of your surroundings.


Message History

You see here 16 gold pieces.
You see here 16 gold pieces.
You now have 60 gold pieces (gained 16).
You redirect the harpy simulacrum's attack!
The harpy simulacrum claws itself!
The harpy simulacrum claws itself.
You completely miss the harpy simulacrum.
The harpy simulacrum is heavily damaged.
The harpy simulacrum barely misses you.
The harpy simulacrum claws you but does no damage.
The harpy simulacrum claws you! The harpy simulacrum freezes you!!
You feel a terrible chill!
The harpy simulacrum barely misses you. x2
The harpy simulacrum claws you. The harpy simulacrum freezes you!
You feel a terrible chill!
* * * LOW HITPOINT WARNING * * *
Okay, then.
Casting: Frozen Ramparts (mildly dangerous; 6% risk of failure)
Confirm with . or Enter, or press ? or * to list all spells.
You turn into a creature of crystalline ice.
Your +3 quarterstaff of chaos melds into your body.
Your +1 cloak of preservation melds into your body.
Your +0 steam dragon scales melds into your body.
The harpy simulacrum is stunned by your conviction and fails to attack.
The harpy simulacrum claws you!
* * * LOW HITPOINT WARNING * * *
The harpy simulacrum freezes you. You resist.
* * * LOW HITPOINT WARNING * * *
You focus your inner power and illuminate the harpy simulacrum in retribution!
The harpy simulacrum claws you but does no damage.
You are restored by drawing out deep reserves of power within.
You feel drained. The harpy simulacrum claws you.
The harpy simulacrum freezes you! You resist.
* * * LOW HITPOINT WARNING * * *
The harpy simulacrum claws you.
* * * LOW HITPOINT WARNING * * *
The harpy simulacrum freezes you. You resist.
* * * LOW HITPOINT WARNING * * *
The harpy simulacrum claws you.
* * * LOW HITPOINT WARNING * * *
The harpy simulacrum freezes you! You resist.
You die...

#..... #....#
#.[..# #...>#
#..†##
#...#####+######
#..........$....
#...............
#.....ZY........
####............
#............
#............
#............
#............
#....?.......
#...........


You could see a harpy simulacrum (corona).

Vanquished Creatures
  Frances (D:14)
  Snorg (D:14)
  An ettin (Bailey)
  2 boulder beetles
  Harold (D:7)
  A centaur warrior (D:14)
  3 two-headed ogres
  A deep elf knight (D:14)
  Pikel (D:7)
  An orc knight (Bailey)
  2 manticores (D:11)
  A deep elf pyromancer (D:10)
  5 cyclopes
  8 ugly things
  Maurice (D:10)
  An ice statue (D:11)
  A gargoyle (D:11)
  6 kobold demonologists
  A freezing wraith (D:11)
  Maggie (D:7)
  A komodo dragon (D:10)
  7 ice devils (D:11)
  4 trolls
  5 slime creatures (D:14)
  Sigmund (D:3)
  2 vampires
  13 yaks
  3 wraiths
  2 steam dragons
  Grum (D:9)
  Eustachio (D:5)
  4 vampire mosquitoes (D:14)
  2 acid dragons
  A hell hound (D:15)
  A sky beast (D:7)
  14 orc warriors
  3 necrophages
  2 wolves (D:8)
  An ogre (D:6)
  6 centaurs
  2 lemures (D:7)
  10 kobold brigands
  5 bullfrogs
  A gnoll sergeant (D:8)
  4 scorpions
  A water moccasin zombie (D:5)
  6 killer bees (D:9)
  3 howler monkeys
  4 wights (D:10)
  8 centaur zombies
  A bullfrog skeleton (D:5)
  4 hounds
  4 orc priests
  A gnoll shaman (D:6)
  Crazy Yiuf (D:2)
  An iguana (D:4)
  10 orc wizards
  2 howler monkey zombies
  Robin (D:3)
  20 gnolls
  8 adders
  A shadow imp (D:6)
  7 ufetubi
  3 dart slugs
  47 orcs
  8 ball pythons
  6 bats
  3 endoplasms (D:3)
  4 giant cockroaches
  32 goblins
  25 hobgoblins
  22 kobolds
  3 quokkas
  4 frilled lizards (D:1)
  A jackal skeleton (D:4)
  A quokka skeleton (D:4)
  5 rats
383 creatures vanquished.

Vanquished Creatures (others)
  2 orcs (D:9)
  A kobold (D:10)
  28 plants (D:10)
31 creatures vanquished.

Grand Total: 414 creatures vanquished

Notes
Turn   | Place    | Note
-------+----------+-------------------------------------------
     0 | D:1      | Lavandula the Formicid Transmuter began the quest for the
                  | Orb.
     0 | D:1      | Reached XP level 1. HP: 15/15 MP: 3/3
   198 | D:1      | Reached XP level 2. HP: 19/21 MP: 3/5
   260 | D:1      | Learned a level 2 spell: Wereblood
   661 | D:1      | Reached skill level 4 in Unarmed Combat
   661 | D:1      | Reached XP level 3. HP: 26/26 MP: 4/6
   668 | D:1      | Learned a level 3 spell: Spider Form
   743 | D:1      | Reached skill level 1 in Poison Magic
  1383 | D:2      | Reached XP level 4. HP: 32/32 MP: 4/7
  2180 | D:2      | Found a runed translucent door.
  2181 | D:2      | Noticed Crazy Yiuf
  2334 | D:2      | Killed Crazy Yiuf
  2335 | D:2      | Reached XP level 5. HP: 37/37 MP: 4/8
  2404 | D:3      | Noticed Robin
  2415 | D:3      | Noticed Sigmund
  2418 | D:3      | Killed Robin
  2745 | D:3      | Killed Sigmund
  2746 | D:3      | Reached skill level 5 in Unarmed Combat
  2746 | D:3      | Reached XP level 6. HP: 38/43 MP: 6/9
  2962 | D:3      | Found a faded altar of an unknown god.
  3953 | D:4      | Reached skill level 6 in Unarmed Combat
  4077 | D:4      | Reached skill level 1 in Evocations
  4077 | D:4      | Reached XP level 7. HP: 48/48 MP: 6/10
  4527 | D:4      | Learned a level 4 spell: Ice Form
  4827 | D:5      | Entered Level 5 of the Dungeon
  5132 | D:5      | Reached XP level 8. HP: 54/54 MP: 6/11
  5195 | D:5      | Noticed Eustachio
  5437 | D:5      | Reached skill level 7 in Unarmed Combat
  5580 | D:5      | You fall into a shaft and drop 3 floors!
  5887 | D:7      | Noticed Harold
  5912 | D:6      | You fall into a shaft and drop 1 floor!
  5927 | D:7      | Reached skill level 5 in Transmutations
  6110 | D:7      | Killed Harold
  6111 | D:7      | Reached skill level 8 in Unarmed Combat
  6111 | D:7      | Reached XP level 9. HP: 50/59 MP: 6/12
  6241 | D:7      | Reached skill level 9 in Unarmed Combat
  6283 | D:7      | Noticed Pikel
  6311 | D:7      | Killed Pikel
  6312 | D:7      | Reached skill level 10 in Unarmed Combat
  6516 | D:7      | Noticed Maggie
  6556 | D:7      | Killed Maggie
  6740 | D:6      | Reached XP level 10. HP: 72/72 MP: 9/13
  7036 | D:6      | Found a staircase to the Ecumenical Temple.
  7050 | Temple   | Entered the Ecumenical Temple
  7127 | Temple   | Became a worshipper of Ru the Awakened
  7633 | D:5      | Killed Eustachio
  8620 | D:6      | You fall into a shaft and drop 2 floors!
  8644 | D:8      | Noticed a deep elf pyromancer
  8644 | D:8      | Noticed a two-headed ogre
  8647 | D:8      | Noticed a boulder beetle
  8809 | D:8      | Noticed a cyclops
  8819 | D:8      | Killed a cyclops
  8820 | D:8      | Reached skill level 5 in Dodging
  8989 | D:8      | Gained mutation: You are slightly weak-willed. (Will-) [Ru
                  | sacrifice]
  8989 | D:8      | Reached * piety under Ru
  9229 | D:9      | Noticed Grum
  9744 | D:9      | Killed Grum
  9786 | D:9      | Reached skill level 11 in Unarmed Combat
 10072 | D:9      | Reached XP level 11. HP: 78/78 MP: 11/15
 10404 | D:9      | Found a blossoming altar of Fedhas.
 10505 | D:9      | Noticed a boulder beetle
 10527 | D:9      | Killed a boulder beetle
 10528 | D:9      | Reached skill level 12 in Unarmed Combat
 10935 | D:9      | Reached skill level 5 in Ice Magic
 11026 | D:9      | Found a shimmering blue altar of Sif Muna.
 11026 | D:9      | Found a glowing golden altar of the Shining One.
 11048 | D:10     | Entered Level 10 of the Dungeon
 11089 | D:10     | Found Gerr's Book Emporium.
 11162 | D:10     | Noticed a brown ugly thing
 11176 | D:10     | Killed a brown ugly thing
 11380 | D:10     | Noticed Maurice
 11395 | D:10     | Killed Maurice
 11424 | D:10     | Reached skill level 5 in Spellcasting
 11460 | D:10     | Bought a book of Alchemy for 392 gold pieces
 11466 | D:10     | Learned a level 5 spell: Irradiate
 11593 | D:10     | Found a staircase to the Lair.
 11593 | D:10     | Noticed a two-headed ogre
 11608 | D:10     | Killed a two-headed ogre
 12024 | D:10     | Noticed a deep elf pyromancer
 12029 | D:10     | Killed a deep elf pyromancer
 12178 | D:10     | Gained mutation: Your magical capacity is low. (-10% MP)
                  | [Ru sacrifice]
 12178 | D:10     | Reached ** piety under Ru
 12275 | D:10     | Reached skill level 5 in Conjurations
 12275 | D:10     | Reached XP level 12. HP: 70/84 MP: 13/17
 12795 | D:11     | Found a flagged portal.
 12921 | Bailey   | Entered a bailey
 13200 | Bailey   | Gained mutation: Your spells are a little easier to cast,
                  | but a little less powerful. [potion of mutation]
 13200 | Bailey   | Gained mutation: Your skin changes colour to match your
                  | surroundings (Stealth+). [potion of mutation]
 13203 | Bailey   | Lost mutation: Your spells are a little easier to cast, but
                  | a little less powerful. [potion of mutation]
 13203 | Bailey   | Lost mutation: Your skin changes colour to match your
                  | surroundings (Stealth+). [potion of mutation]
 13203 | Bailey   | Gained mutation: You are clumsy. (Dex -2) [potion of
                  | mutation]
 13203 | Bailey   | Gained mutation: Potions are less effective at restoring
                  | your health. [potion of mutation]
 13203 | Bailey   | Gained mutation: You are partially covered in iridescent
                  | scales. (AC +2) [potion of mutation]
 13204 | Bailey   | Lost mutation: You are clumsy. (Dex -2) [potion of
                  | mutation]
 13204 | Bailey   | Lost mutation: Potions are less effective at restoring your
                  | health. [potion of mutation]
 13204 | Bailey   | Lost mutation: You are partially covered in iridescent
                  | scales. (AC +2) [potion of mutation]
 13204 | Bailey   | Gained mutation: You passively dampen the noise of your
                  | surroundings. [potion of mutation]
 13204 | Bailey   | Gained mutation: You occasionally shout uncontrollably at
                  | your foes. [potion of mutation]
 13279 | Bailey   | Noticed an orc warlord
 13542 | Bailey   | Noticed an ettin
 13542 | Bailey   | an orc warlord changed into an ettin
 13550 | Bailey   | Killed an ettin
 13601 | Bailey   | Learned a level 3 spell: Frozen Ramparts
 13727 | D:11     | Reached skill level 10 in Transmutations
 14351 | D:11     | Noticed a two-headed ogre
 14355 | D:11     | Killed a two-headed ogre
 14366 | D:11     | Noticed a yaktaur captain
 14366 | D:11     | Noticed a boulder beetle
 14454 | D:11     | Noticed a boulder beetle
 14465 | D:11     | Reached XP level 13. HP: 90/90 MP: 8/18
 14487 | D:11     | Killed a boulder beetle
 14489 | D:11     | Reached skill level 14 in Unarmed Combat
 14489 | D:11     | Reached XP level 14. HP: 34/96 MP: 11/19
 14864 | D:11     | Acquired the amulet of Caucet {Acrobat rPois Str+6}
 15257 | D:11     | Noticed a stone giant
 15257 | D:11     | Noticed a storm dragon
 15262 | D:11     | You fall into a shaft and drop 3 floors!
 15291 | D:14     | Gained mutation: You are weak-willed. (Will--) [Ru
                  | sacrifice]
 15291 | D:14     | Reached *** piety under Ru
 15503 | D:14     | Noticed Frances
 15513 | D:14     | Reached skill level 15 in Unarmed Combat
 15530 | D:14     | Killed Frances
 15972 | D:14     | Noticed Snorg
 15984 | D:14     | Killed Snorg
 15988 | D:14     | Reached skill level 16 in Unarmed Combat
 16408 | D:14     | Noticed Azrael
 16422 | D:15     | Entered Level 15 of the Dungeon
 16659 | D:13     | Found Upodapn's Distillery.
 16747 | D:13     | Bought 2 potions of cancellation for 224 gold pieces
 16747 | D:13     | Bought a potion of lignification for 42 gold pieces
 16753 | D:13     | Slain by a harpy simulacrum

Illustrated notes

Levels and vault maps discovered:
D:1:      wheals_arrival_shading, layout_basic
D:2:      layout_basic, uniq_crazy_yiuf_cottage
D:3:      layout_basic, hellmonk_ecumenical_altar_slurped_away, uniq_sigmund,
          uniq_robin
D:4:      layout_rooms, st_stairs_8, chequers_serial_rivers_micro_a
D:5:      layout_loops_cross, serial_rivers, chequers_serial_rivers_room_b,
          chequers_serial_rivers_micro_d, chequers_serial_rivers_marsh,
          chequers_serial_rivers_large_b, chequers_serial_rivers_micro_c,
          uniq_eustachio
D:6:      layout_basic, minmay_temple_entry_drinking_statues, serial_curves,
          eino_curves_01, eino_curves_03, eino_curves_03, eino_curves_01,
          solitary_fountain, kennysheep_generic_room_13
D:7:      layout_rooms, serial_corexii_hall, corexii_hall_statues_x,
          corexii_hall_statues_i, uniq_pikel, uniq_maggie, uniq_harold
D:8:      layout_cave_pools, serial_column_ruins, column_ruins_grid_3,
          column_ruins_grid_4, column_ruins_open_small_water,
          column_ruins_columns_T, column_ruins_open_tiny,
          column_ruins_open_tiny, onia_ninara_dug_in_and_dangerous
D:9:      layout_rooms, gammafunk_temple_overflow_wave, fedhas_altar_1,
          special_room [special_room_kobold], uniq_grum
D:10:     layout_irregular_city, david_lair_shrubbed, serial_shops,
          shop_fountains, uniq_maurice
D:11:     cheibrodos_frozen_isle, layout_cave_pools, enter_bailey_3,
          nicolae_rejected_hall
D:13:     layout_basic, serial_shops, shop
D:14:     layout_rooms, david_vaults_1, nicolae_tso_swordbearing_angel,
          uniq_snorg, uniq_frances, uniq_azrael
D:15:     hangedman_depths_entry_civil_slaughter, layout_irregular_city,
          lemuel_blue_sif_altar
Temple:   mainiacjoe_temple_bowtie_tessellation

Skill      XL: |  1  2  3  4  5  6  7  8  9 10 11 12 13 14 |
---------------+-------------------------------------------+-----
Unarmed Combat | 4 5 6 8 10 11 12 14 16 | 16.5
Poison Magic   | 2 4 |  4.0
Transmutations | 3 5 6 12 | 12.7
Evocations     | 1 4 |  4.0
Ice Magic      | 4 5 |  5.0
Fighting       | 4 |  4.7
Spellcasting   | 3 5 |  5.0
Dodging        | 5 |  5.3
Conjurations   | 5 6 |  6.1

Action                   |  1- 3 |  4- 6 |  7- 9 | 10-12 | 13-15 || total
-------------------------+-------+-------+-------+-------+-------++-------
Melee: Unarmed           |   106 |    93 |   122 |   513 |   135 ||   969
       Kick              |    15 |     1 |       |       |       ||    16
       Quarterstaff      |       |     9 |    20 |    34 |     1 ||    64
       Punch             |       |       |       |     2 |       ||     2
Throw: Throwing net      |       |       |       |       |     4 ||     4
 Cast: Beastly Appendage |    15 |     8 |       |       |       ||    23
       Wereblood         |     2 |     2 |     4 |    20 |     8 ||    36
       Spider Form       |     1 |    15 |    27 |     5 |     2 ||    50
       Ice Form          |       |       |     3 |    45 |    13 ||    61
       Irradiate         |       |       |       |     1 |     2 ||     3
       Frozen Ramparts   |       |       |       |       |     8 ||     8
Invok: Sacrifice Essence |       |       |       |     2 |     1 ||     3
       Draw Out Power    |       |       |       |       |     5 ||     5
 Abil: End Transformatio |       |       |     5 |     1 |     2 ||     8
       Dig               |       |       |     4 |     2 |     7 ||    13
       Shaft Self        |       |       |     2 |       |     2 ||     4
Evoke: Wand              |       |       |       |     9 |       ||     9
       Box of beasts     |       |       |       |       |     1 ||     1
  Use: Potion            |       |     1 |     1 |     7 |     3 ||    12
       Scroll            |       |     5 |     3 |     6 |     1 ||    15
 Stab: Distracted        |       |       |     1 |     2 |       ||     3
       Sleeping          |       |       |       |     1 |       ||     1
       Held in net/web   |       |       |       |       |     2 ||     2
Armor: Robe              |    13 |     6 |    14 |       |       ||    33
       Skin              |     1 |     1 |    14 |   102 |    28 ||   146
       Steam dragon scal |       |       |       |    19 |     5 ||    24
Dodge: Dodged            |    72 |    46 |   124 |   178 |    67 ||   487
Block: Other             |     9 |    20 |    31 |    86 |     6 ||   152
       Reflection        |       |       |     1 |     4 |       ||     5

Table legend: (Time is in decaauts)
 A = Elapsed time spent in this place.
 B = Non-inter-level travel time spent in this place.
 C = Inter-level travel time spent in this place.
 D = Time resting spent in this place.
 E = Time spent auto-exploring this place.
 F = Levels seen in this place.
 G = Mean time per level.
                   A        B        C        D        E       F      G
               +--------+--------+--------+--------+--------+-----+--------+
         Total |  16629 |  16255 |    374 |   3894 |   9044 |  16 | 1039.3 |
       Dungeon |  15731 |  15391 |    340 |   3628 |   8815 |  14 | 1123.6 |
        Temple |    241 |    207 |     34 |      0 |    190 |   1 |  241.0 |
        Bailey |    655 |    655 |      0 |    266 |     39 |   1 |  655.0 |
               +--------+--------+--------+--------+--------+-----+--------+

Top non-repeatable levels by time:
    D:11: 1935 daAuts
    D:10: 1545 daAuts
     D:8: 1478 daAuts
     D:5: 1396 daAuts
     D:4: 1345 daAuts
     D:1: 1342 daAuts
     D:3: 1281 daAuts
     D:2: 1277 daAuts
    D:14: 1154 daAuts
     D:9: 1057 daAuts
     D:7: 967 daAuts
  Bailey: 655 daAuts
     D:6: 635 daAuts
  Temple: 241 daAuts
    D:15: 215 daAuts
